 Dungeon Crawl Stone Soup version 0.19.1-1-g22dce08 (webtiles) character file.

299 dngmouse the Skirmisher (level 6, -10/58 HPs)
             Began as a Deep Dwarf Fighter on Jan 11, 2017.
             Mangled by an orc warrior
             ... wielding a +1 hand axe of freezing
              (17 damage)
             ... on level 4 of the Dungeon.
             The game lasted 00:14:31 (2308 turns).

dngmouse the Skirmisher (Deep Dwarf Fighter)        Turns: 2308, Time: 00:14:35

Health: -10/58     AC: 13    Str: 22    XL:     6   Next: 13%
Magic:  8/8        EV:  4    Int:  8    God:
Gold:   95         SH:  9    Dex: 12    Spells: 0 memorised, 5 levels left

rFire  . . .     SeeInvis +     a - +0 war axe
rCold  . . .     Gourm    .     B - +0 plate armour
rNeg   . . .     Faith    .     c - +0 shield
rPois  .         Spirit   .     w - +0 helmet
rElec  .         Reflect  .     (no cloak)
rCorr  .         Harm     .     (no gloves)
MR     +....                    (no boots)
Stlth  ..........               (no amulet)
                                z - ring of protection from magic
                                n - ring of see invisible

@: non-regenerating
A: damage resistance, recharge devices, sense surroundings 1, slow regeneration
3
a: Device Recharging


You were on level 4 of the Dungeon.
You were not hungry.

You visited 1 branch of the dungeon, and saw 4 of its levels.

You collected 95 gold pieces.

Inventory:

Hand Weapons
 a - a +0 war axe (weapon)
 y - a +0 hand axe of pain
Missiles
 x - 3 tomahawks (quivered)
Armour
 c - a +0 shield (worn)
 w - a +0 helmet (worn)
 B - a +0 plate armour (worn)
Jewellery
 n - a ring of see invisible (left hand)
 z - a ring of protection from magic (right hand)
Wands
 e - a wand of heal wounds (2/9)
 D - a wand of polymorph (9/24)
Scrolls
 j - 2 scrolls of teleportation {unknown}
 k - 3 scrolls of enchant weapon {unknown}
 l - 5 scrolls of identify {unknown}
 o - a scroll of amnesia {unknown}
 r - 4 scrolls of remove curse {unknown}
 u - 4 scrolls of blinking {unknown}
 C - a scroll of noise {unknown}
Potions
 d - a potion of might
 i - a potion of haste {unknown}
 m - a potion of ambrosia {unknown}
 q - a potion of lignification {unknown}
 t - a potion of mutation {unknown}
 v - a potion of resistance {unknown}
 A - a potion of agility {unknown}
 E - a potion of brilliance {unknown}
Comestibles
 b - a royal jelly
 f - 2 bread rations
 g - 5 chunks of flesh
 h - 2 meat rations
 p - 3 fruits
 s - a slice of pizza


   Skills:
 * Level 4.5 Fighting
 + Level 3.6 Axes
 + Level 4.3 Armour
 - Level 3.2 Shields
 + Level 3.5 Evocations


You had 5 spell levels left.
You didn't know any spells.

Dungeon Overview and Level Annotations

Branches:
Dungeon (4/15)
 Temple: D:4-7

Altars:
Hepliaklqana
Okawaru
The Shining One

Shops:
D:4 :


Innate Abilities, Weirdness & Mutations

You are resistant to damage.
You can recharge devices by infusing magical energy.
You passively map a small area around you.
You do not regenerate.


Message History

The orc warrior is lightly wounded.
Your shield and plate armour prevent you from hitting the worker ant.
The worker ant bites you but does no damage.
You block the orc's attack.
The orc warrior hits you but does no damage.
The worker ant bites you but does no damage.
The orc hits you from afar with a trident.
You hit the orc warrior.
The orc warrior is moderately wounded.
Your plate armour prevents you from hitting the worker ant.
The worker ant bites you but does no damage.
You block the orc warrior's attack. The orc barely misses you.
The worker ant bites you.
You slash the orc warrior!
The orc warrior is severely wounded.
You closely miss the worker ant.
The orc warrior hits you but does no damage.
You block the worker ant's attack. The orc hits you but does no damage.
The orc warrior hits you with a hand axe of freezing!!
You die...

#### #...##
########..≈.≈##
#.......o≈≈.≈≈#
#...?..)o≈≈∩≈≈#
*
##(..!..@.≈≈≈≈≈#
,
.......a...≈≈≈##
, #.........####
#.....<...# *,
...........# ,
##.........#
,..####.##### .
* #.* #.


You could see an orc warrior, a worker ant and an orc.

Vanquished Creatures
  An orc wizard (D:4)
  An orc priest (D:3)
  A hound (D:3)
  Jessica (D:2)
  Robin (D:2)
  A gnoll (D:1)
  3 adders
  2 oozes (D:1)
  An adder skeleton (D:3)
  2 worms
  3 leopard geckos
  13 orcs (D:3)
  2 ball pythons
  12 giant cockroaches
  21 goblins
  11 hobgoblins
  A quokka (D:3)
  10 bats
  A frilled lizard (D:1)
  7 kobolds
  8 rats
103 creatures vanquished.

Notes
Turn   | Place    | Note
-------+----------+-------------------------------------------
     0 | D:1      | dngmouse the Deep Dwarf Fighter began the quest for the Orb.
     0 | D:1      | Reached XP level 1. HP: 20/20 MP: 1/1
    32 | D:1      | Reached skill level 1 in Evocations
    70 | D:1      | Reached XP level 2. HP: 16/27 MP: 2/2
   393 | D:1      | Reached XP level 3. HP: 14/34 MP: 4/4
   984 | D:2      | Noticed Jessica
   997 | D:2      | Killed Jessica
   997 | D:2      | Reached XP level 4. HP: 10/42 MP: 5/5
  1350 | D:2      | Noticed Robin
  1370 | D:2      | Killed Robin
  1447 | D:2      | Found a hazy altar of Hepliaklqana.
  1447 | D:2      | Found a faded altar of an unknown god.
  1452 | D:2      | Found an iron altar of Okawaru.
  1454 | D:2      | Found a faded altar of an unknown god.
  1456 | D:2      | Found a faded altar of an unknown god.
  1554 | D:3      | Reached XP level 5. HP: 24/50 MP: 7/7
  2049 | D:3      | Found a glowing golden altar of the Shining One.
  2183 | D:3      | Reached XP level 6. HP: 33/58 MP: 8/8
  2297 | D:4      | Found Wuniezeh's Book Shoppe.
  2297 | D:4      | Noticed an orc warrior
  2308 | D:4      | Mangled by an orc warrior

Skill      XL: |  1  2  3  4  5 |
---------------+----------------+-----
Evocations     | 1 2 3 |  3.5
Fighting       | 3 4 |  4.5
Armour         | 4 |  4.3
Axes           | 3 |  3.6
Shields        | |  3.2

Action                   |  1- 3 |  4- 6 || total
-------------------------+-------+-------++-------
Melee: War axe           |   156 |   221 ||   377
Evoke: Wand              |     1 |     2 ||     3
  Eat: Chunk             |     1 |     5 ||     6
Armor: Scale mail        |    81 |    48 ||   129
       Plate armour      |       |    59 ||    59
Dodge: Dodged            |    51 |    61 ||   112
Block: Shield            |   100 |   129 ||   229
